 Dungeon Crawl Stone Soup version 0.30-a0-390-g80c34de65d (webtiles) character file.

Game seed: 1915573696241373578

904 ytrimaz the Trooper (level 8, -3/62 HPs)
             Began as a Djinni Gladiator on Dec 4, 2022.
             Slain by a sky beast (6 damage)
             ... on level 6 of the Dungeon.
             The game lasted 00:07:21 (4619 turns).

ytrimaz the Trooper (Djinni Gladiator)              Turns: 4619, Time: 00:07:21

Health: -3/62      AC:  5    Str: 13    XL:     8   Next: 29%
Gold:   196        EV: 16    Int: 11    God:
                   SH:  0    Dex: 16

rFire   + + .      SeeInvis .    i - +0 morningstar
rCold   x . .      Faith    .    (no shield)
rNeg    . . .      Spirit   .    b - +0 leather armour
rPois   ∞          Reflect  .    c - +1 helmet
rElec   .          Harm     .    (no cloak)
rCorr   .          Rampage  .    (no gloves)
Will    .....                    (boots unavailable)
Stlth   +.........               (no amulet)
HPRegen 0.30/turn                h - +4 ring of evasion
MPRegen 0.00/turn                (no ring)

@: flying
A: sickness immunity, fire resistance 2, cold vulnerability 1, float, innate
caster, HP casting, extra vitality 1
a: no special abilities


You were on level 6 of the Dungeon.
You visited 2 branches of the dungeon, and saw 7 of its levels.

You collected 196 gold pieces.


Innate Abilities, Weirdness & Mutations

You are immune to sickness and miasma.
You are immune to poison.
Your flesh is very heat resistant. (rF++)
You are vulnerable to cold. (rC-)
You float through the air rather than walking.
You learn spells naturally, not from books.
Your magical power is your life essence.
You have superior vitality. (+4 MHP)


   Skills:
 + Level 6.6 Fighting
 - Level 3.6(4.6) Axes
 + Level 4.3(4.9) Maces & Flails
 - Level 1.5 Throwing
 - Level 3.2 Dodging


You had one spell level left.
You knew the following spells:

 Your Spells              Type           Power      Damage    Failure   Level
a - Sting                 Tmut/Pois      0%         1d3       41%         1
b - Ensorcelled Hibernat  Hex/Ice        0%         N/A       56%         2
c - Portal Projectile     Hex/Tloc       0%         N/A       80%         3
Your spell library was empty.

Inventory:

Hand Weapons
 i - a +0 morningstar (weapon)
   (You found it on level 3 of the Dungeon)
 u - a +2 hand axe of flaming
   (You took it off an orc on level 5 of the Dungeon)
Missiles
 d - 3 throwing nets
 e - 4 javelins
Armour
 b - a +0 leather armour (worn)
 c - a +1 helmet (worn)
Jewellery
 h - a +4 ring of evasion (left hand)
   (You found it on level 1 of the Dungeon)
Wands
 r - a wand of mindburst (13)
   (You found it on level 5 of the Dungeon)
 s - a wand of paralysis (7)
   (You found it on level 5 of the Dungeon)
Scrolls
 a - a scroll of summoning
 f - a scroll of butterflies
 g - 3 scrolls of blinking
 k - a scroll of enchant armour
 n - 3 scrolls of teleportation
Potions
 l - a potion of resistance {unknown}
 m - 2 potions of degeneration {unknown}
 o - a potion of invisibility {unknown}
 p - a potion of flight {unknown}
 q - 2 potions of haste
 t - a potion of mutation {unknown}

Dungeon Overview and Level Annotations

Branches:
Dungeon (6/15) Zot: 26710  Temple (1/1) D:4 Zot: 5954

Altars:
Cheibriados
Fedhas
Nemelex Xobeh
Okawaru
Qazlal
Ru
Trog
Uskayaw
Wu Jian
Zin

....... .......
#...... #......
#.o...> .....
#..##############
#..5Y@...#......#
#######..#......#
#.........#
#.#.......#
#.##.[....#
#.##......# .#
#.####...###.#
#.#####......#
#.#......###.###


You could see a sky beast, a white imp and an orc (wandering).


Message History

* * * LOW HITPOINT WARNING * * *
The scorpion closely misses you. The scorpion misses you. 😱 HP[-2]
You take 2 damage, and now have 14/62 hp.
Aiming: Ensorcelled Hibernation (dangerous; 56% risk of failure)
Press: ? - help, Q - select action, (/) - cycle Shift-Dir - straight line, f/p - scorpion
Aim: a scorpion (moderately wounded, chance to affect: 32%)
The scorpion easily resists.
* * * LOW HITPOINT WARNING * * *
The scorpion closely misses you. 😱 HP[-2]
You take 2 damage, and now have 12/62 hp.
Unknown command.
You hit the scorpion.
The scorpion barely misses you. 😱 HP[+1]
You closely miss the scorpion. The scorpion misses you.
The scorpion barely misses you.
Unknown command.
You barely miss the scorpion. The scorpion closely misses you.
You completely miss the scorpion.
The scorpion closely misses you. x2 😱 HP[+1]
You sock the scorpion!
You kill the scorpion!
Unknown command.
You see here a scorpion corpse.
You hear the slow hiss of a very distant avalanche of sand.
Your magical contamination has completely faded away. 😨 HP[+5]
You regained 5 hp, and now have 19/62 hp.
You hear the slow hiss of a very distant avalanche of sand.
You hear the hiss of a very distant avalanche of sand.
Key pressed, stopping explore.
You hear the hiss of a very distant avalanche of sand.
Key pressed, stopping explore.
You now have 196 gold pieces (gained 15).
A sky beast and a white imp come into view.
The white imp shouts, "Scamper hence, thou feeble flap-mouthed lewdster!"
You hear an angry hiss. 😎 HP[+43]
Your hp is fully restored (62).
Found an escape hatch in the floor.
The sky beast hits you but does no damage.
You miss the sky beast.
The sky beast flickers out of sight!
Deactivating autopickup; reactivate with Ctrl-A.
Something hits you. Something shocks you. 😕 HP[-6]
You take 6 damage, and now have 56/62 hp.
Something hits you. Something shocks you.
The white imp shouts, "Bolt, thou jarring spleeny urchin!" 😕 HP[-7]
You take 7 damage, and now have 49/62 hp.
Something hits you. Something shocks you. 😮 HP[-10]
You take 10 damage, and now have 39/62 hp.
You are too injured to fight recklessly!
You closely miss something. Something hits you. Something shocks you.
Something hits you but does no damage. The white imp gestures at you.
The puff of frost hits something.
Unknown command. 😮 HP[-7]
You take 7 damage, and now have 32/62 hp.
You are too injured to fight recklessly!
You miss something. The white imp gestures at you.
The puff of frost hits something!
Something hits you.
* * * LOW HITPOINT WARNING * * *
Something shocks you.
* * * LOW HITPOINT WARNING * * *
😨 HP[-8]
You take 8 damage, and now have 24/62 hp.
You are too injured to fight recklessly!
You sock something! Something hits you.
* * * LOW HITPOINT WARNING * * *
Something shocks you.
* * * LOW HITPOINT WARNING * * *
😨 HP[-8]
You take 8 damage, and now have 16/62 hp.
Unknown command.
You miss something.
Something hits you but does no damage. 😨 HP[+1]
You are too injured to fight recklessly!
You hit something. The white imp gestures at you. The puff of frost hits you.
You feel a terrible chill!
* * * LOW HITPOINT WARNING * * *
Something closely misses you. Something hits you.
* * * LOW HITPOINT WARNING * * *
Something shocks you.
* * * LOW HITPOINT WARNING * * *
An orc comes into view. It is wielding a +0 dagger.
You miss something. The white imp gestures at you.
The puff of frost hits something.
A sky beast appears from thin air!
Reactivating autopickup.
The sky beast hits you.
* * * LOW HITPOINT WARNING * * *
The sky beast shocks you.
You die...

Skill      XL: |  1  2  3  4  5  6  7  8 |
---------------+-------------------------+-----
Axes           | 3 |  3.6
Fighting       | 3 4 5 6 |  6.6
Maces & Flails | 1 2 3 4 |  4.3
Throwing       | |  1.5
Dodging        | |  3.2

Action                   |  1- 3 |  4- 6 |  7- 9 || total
-------------------------+-------+-------+-------++-------
Melee: War axe           |   107 |    31 |       ||   138
       Punch             |     1 |       |     3 ||     4
       Morningstar       |       |   119 |   147 ||   266
 Cast: Ensorcelled Hiber |       |       |     4 ||     4
  Use: Scroll            |     7 |     3 |       ||    10
       Potion            |       |     4 |     1 ||     5
 Stab: Sleeping          |     2 |       |     1 ||     3
Armor: Leather armour    |    27 |    37 |    44 ||   108
       Skin              |       |    85 |       ||    85
Dodge: Dodged            |   125 |   117 |   187 ||   429

Levels and vault maps discovered:
D:1:      nzn_arrival_settlement, layout_basic, nicolae_hexahallways,
          nrook_campfire, minmay_misc_feat_enclosed
D:2:      layout_loops_ring, basic_ecumenical_altar, kennysheep_boxes
D:3:      layout_basic, uniq_robin
D:4:      layout_cave_pools, nicolae_overflow_hidden_temple,
          nemelex_xobeh_ov_fountains_minmay, temple_green, kennysheep_diamond
D:5:      layout_loops_cross, ebering_dispersal_statue_hall,
          roderic_roman_lattice
D:6:      layout_basic, gammafunk_temple_overflow_elements, enter_ossuary_1
Temple:   nicolae_temple_ecumenical_triangle

Notes
Turn   | Place    | Note
-------+----------+-------------------------------------------
     0 | D:1      | ytrimaz the Djinni Gladiator began the quest for the Orb.
     0 | D:1      | Reached XP level 1. HP: 18/18 MP: 0/0
     0 | D:1      | magus.rc [v1.9.6]
   568 | D:1      | Reached XP level 2. HP: 21/24 MP: 0/0
   925 | D:2      | Reached XP level 3. HP: 27/29 MP: 0/0
   925 | D:2      | Learned a level 1 spell: Sting
   946 | D:2      | Reached skill level 3 in Axes
  1110 | D:2      | Reached skill level 3 in Fighting
  1360 | D:2      | Found a faded altar of an unknown god.
  1520 | D:3      | Reached XP level 4. HP: 35/35 MP: 0/0
  1588 | D:3      | Noticed Robin
  1600 | D:3      | HP: 13/52 [goblin/sling bullet[Robin] (2)]
  1605 | D:3      | Killed Robin
  1606 | D:3      | Reached XP level 5. HP: 25/41 MP: 0/0
  1606 | D:3      | Learned a level 2 spell: Ensorcelled Hibernation
  2013 | D:4      | Found a sparkling altar of Nemelex Xobeh.
  2221 | D:4      | Reached skill level 4 in Fighting
  2244 | D:4      | Reached skill level 1 in Maces & Flails
  2247 | D:4      | HP: 10/41 [something (4)]
  2263 | D:4      | HP: 14/61 [something/puff of flame (6)]
  2270 | D:4      | HP: 13/61 [something (3)]
  2623 | D:4      | Found a staircase to the Ecumenical Temple.
  2699 | Temple   | Entered the Ecumenical Temple
  2818 | D:4      | Reached XP level 6. HP: 16/48 MP: 0/0
  2818 | D:4      | HP: 9/48 [iguana (7)]
  2822 | D:4      | Reached skill level 2 in Maces & Flails
  3056 | D:5      | Entered Level 5 of the Dungeon
  3129 | D:5      | Reached skill level 5 in Fighting
  3129 | D:5      | Reached XP level 7. HP: 44/54 MP: 0/0
  3129 | D:5      | Learned a level 3 spell: Portal Projectile
  3495 | D:5      | Reached skill level 3 in Maces & Flails
  3595 | D:5      | Reached skill level 6 in Fighting
  3806 | D:5      | Reached XP level 8. HP: 51/61 MP: 0/0
  4387 | D:6      | Reached skill level 4 in Maces & Flails
  4618 | D:6      | HP: 11/62 [white imp/puff of frost (6)]
  4618 | D:6      | HP: 4/62 [something (6)]
  4619 | D:6      | Slain by a sky beast

Vanquished Creatures
  A black bear (D:5)
  An ice beast (D:5)
  A phantom (D:5)
  3 scorpions
  A wight (D:6)
  2 hounds
  5 iguanas
  2 orc wizards
  Robin (D:3)
  2 adders (D:2)
  3 gnolls (D:3)
  A white imp (D:5)
  4 ufetubi
  3 worms
  9 orcs
  5 endoplasms
  3 giant cockroaches
  14 goblins
  5 hobgoblins
  2 jackals (D:1)
  2 quokkas
  2 ball pythons
  5 bats
  3 frilled lizards (D:2)
  6 kobolds
  2 rats
88 creatures vanquished.

Vanquished Creatures (others)
  11 plants (D:2)
11 creatures vanquished.

Grand Total: 99 creatures vanquished

Table legend:
 A = Non-vault XP
 B = Vault XP
 C = Vault XP percentage of total XP
 D = Non-vault monster count
 E = Vault monster count
 F = Vault count percentage of total count
                 A         B        C        D         E       F
            +---------+---------+-------+---------+---------+-------
      Total |    1214 |      78 |   6.0 |      76 |      12 |  13.6
            +---------+---------+-------+---------+---------+-------
        D:1 |      11 |       0 |   0.0 |       6 |       0 |   0.0
        D:2 |      57 |       0 |   0.0 |      20 |       0 |   0.0
        D:3 |      55 |      35 |  38.9 |      11 |      11 |  50.0
        D:4 |     189 |      43 |  18.5 |      15 |       1 |   6.2
        D:5 |     694 |       0 |   0.0 |      18 |       0 |   0.0
        D:6 |     208 |       0 |   0.0 |       6 |       0 |   0.0
            +---------+---------+-------+---------+---------+-------

Illustrated notes

Table legend:
 A = Kills in this place as a percentage of kills in entire the game.
 B = Kills by you in this place as a percentage of kills by you in the entire game.
 C = Kills by friends in this place as a percentage of kills by friends in the entire game.
 D = Other kills in this place as a percentage of other kills in the entire game.
 E = Experience gained in this place as a percentage of experience gained in the entire game.
 F = Experience gained in this place divided by the number of levels of this place that you have seen.
                   A       B       C       D       E      F
               +-------+-------+-------+-------+-------+----------------------
         Total | 100.0 | 100.0 |   N/A |   N/A | 100.0 | 184.6
       Dungeon | 100.0 | 100.0 |   N/A |   N/A | 100.0 | 215.3
               +-------+-------+-------+-------+-------+----------------------

Table legend: (Time is in decaauts)
 A = Elapsed time spent in this place.
 B = Non-inter-level travel time spent in this place.
 C = Inter-level travel time spent in this place.
 D = Time resting spent in this place.
 E = Time spent auto-exploring this place.
 F = Levels seen in this place.
 G = Mean time per level.
                   A        B        C        D        E       F      G
               +--------+--------+--------+--------+--------+-----+--------+
         Total |   4755 |   4549 |    206 |    350 |   3190 |   7 |  679.3 |
       Dungeon |   4710 |   4517 |    193 |    350 |   3164 |   6 |  785.0 |
        Temple |     45 |     32 |     13 |      0 |     26 |   1 |   45.0 |
               +--------+--------+--------+--------+--------+-----+--------+

Top non-repeatable levels by time:
     D:5: 1323 daAuts
     D:4: 1038 daAuts
     D:2: 806 daAuts
     D:1: 749 daAuts
     D:3: 504 daAuts
     D:6: 287 daAuts
  Temple: 45 daAuts
